 Dungeon Crawl Stone Soup version 0.20-a0-2-g2b0e13a (webtiles) character file.

6048 JeffiDaFish the Cleaver (level 10, -6/90 HPs)
             Began as a Hill Orc Fighter on Oct 28, 2016.
             Was a Priest of Beogh.
             Mangled by a ten-headed hydra (7 damage)
             ... on level 1 of the Lair of Beasts.
             The game lasted 00:22:08 (8836 turns).

JeffiDaFish the Cleaver (Hill Orc Fighter)          Turns: 8836, Time: 00:22:09

Health: -6/90      AC: 16    Str: 23    XL:     10   Next: 87%
Magic:  10/10      EV: 10    Int:  8    God:    Beogh [***...]
Gold:   600        SH: 11    Dex: 10    Spells: 0 memorised, 9 levels left

rFire  . . .     SeeInvis .     a - +2 war axe
rCold  . . .     Gourm    .     j - +2 plate armour
rNeg   . . .     Faith    +     c - +0 shield
rPois  .         Spirit   .     e - +0 helmet
rElec  .         Reflect  .     (no cloak)
rCorr  .         Harm     .     (no gloves)
MR     .....                    (no boots)
Stlth  ..........               p - amulet of faith
                                u - +4 ring of evasion
                                v - +3 ring of slaying

@: very slightly contaminated, invisible
A: no striking features
a: Smiting, Renounce Religion


You were on level 1 of the Lair of Beasts.
You worshipped Beogh.
Beogh was most pleased with you.
You were not hungry.

You visited 2 branches of the dungeon, and saw 10 of its levels.
You also visited: Sewer.

You collected 600 gold pieces.

Inventory:

Hand Weapons
 a - a +2 war axe (weapon)
Armour
 c - a +0 shield (worn)
 e - a +0 helmet (worn)
 j - a +2 plate armour (worn)
Jewellery
 d - an uncursed ring of protection from fire
 p - an amulet of faith (around neck)
 u - a +4 ring of evasion (right hand)
 v - a +3 ring of slaying (left hand)
Wands
 s - a wand of lightning (4/15)
 A - a wand of acid (8/15)
Scrolls
 g - 2 scrolls of fear
 k - 5 scrolls of remove curse
 m - 2 scrolls of blinking
 n - 7 scrolls of teleportation
 o - 6 scrolls of identify
 q - 3 scrolls of recharging
 x - 3 scrolls of fog
 y - a scroll of amnesia
 z - 2 scrolls of magic mapping
Potions
 b - a potion of heal wounds
 l - 2 potions of invisibility
 t - 2 potions of might
 B - a potion of beneficial mutation {unknown}
Comestibles
 f - 2 bread rations
 h - 6 meat rations
 i - a beef jerky
 r - 8 fruits
 w - 3 chunks of flesh


   Skills:
 + Level 8.7 Fighting
 + Level 13.6 Axes
 + Level 8.0 Armour
 + Level 1.7 Dodging
 + Level 0.1 Stealth
 + Level 8.4 Shields


You had 9 spell levels left.
You didn't know any spells.

Dungeon Overview and Level Annotations

Branches:
Dungeon (9/15)             Temple (0/1) D:4            Lair (1/6) D:9
    Orc: D:9-12

Altars:
Dithmenos
Fedhas
Okawaru
Trog
Uskayaw
Vehumet
Xom
Yredelemnul
The Shining One


Message History

The ten-headed hydra misses you.
You block the ten-headed hydra's attack.
You fade into invisibility!
You block the ten-headed hydra's attack.
The ten-headed hydra bites you but does no damage. x3
You block the ten-headed hydra's attack. x2
The ten-headed hydra bites you but does no damage.
The ten-headed hydra barely misses you. x3
You are very lightly contaminated with residual magic.
The ten-headed hydra bites you!
* * * LOW HITPOINT WARNING * * *
The ten-headed hydra bites you.
* * * LOW HITPOINT WARNING * * *
The ten-headed hydra closely misses you.
The ten-headed hydra bites you!
* * * LOW HITPOINT WARNING * * *
The ten-headed hydra bites you but does no damage. x2
The ten-headed hydra closely misses you.
The ten-headed hydra bites you!
You die...

#######..##...##.P......
###.###..#.........
#...##P..#.........
##..................
#P..###.............
#....###.#..........
##.....#####.........
#......## ##...##P##
##..@...# #....###
#..tD.## ###### #.....#
#....Y# ######....Y#
#.##.......# ###
##...#...YY####.#
#...#......§tY.#
#.........§.§Y.### #


You could see a ten-headed hydra, 4 yaks and a crocodile.

Vanquished Creatures
  A spiny frog (Lair:1)
  Joseph (D:7)
  A troll (D:9)
  2 hippogriffs (D:9)
  Sigmund (D:2)
  6 yaks (Lair:1)
  3 fire bats (Lair:1)
  A hungry ghost (D:9)
  A steam dragon (D:9)
  4 water moccasins (Lair:1)
  An orc warrior (D:9)
  An ice beast (D:8)
  A black bear (D:6)
  A phantom (D:8)
  A centaur (D:6)
  3 ogres
  2 crocodiles (Lair:1)
  7 bullfrogs
  A scorpion (D:7)
  4 killer bees (D:8)
  A howler monkey (D:7)
  3 wights (D:4)
  A crimson imp (D:5)
  2 orc priests
  6 hounds
  3 centaur zombies
  An orc wizard (D:7)
  2 centaur skeletons
  A bullfrog skeleton (D:4)
  2 jellies
  An iguana (D:8)
  Terence (D:2)
  6 worker ants
  A hound zombie (D:7)
  A hound skeleton (D:6)
  A worker ant zombie (D:6)
  9 adders
  An ooze (D:1)
  2 worms (D:2)
  2 dart slugs (D:1)
  7 leopard geckos
  12 orcs
  5 ball pythons
  6 giant cockroaches
  6 goblins
  8 hobgoblins
  14 jackals
  2 quokkas
  11 bats
  3 frilled lizards
  12 kobolds
  10 rats
186 creatures vanquished.

Vanquished Creatures (collateral kills)
  A wraith (D:9)
  A black bear (D:9)
2 creatures vanquished.

Vanquished Creatures (others)
  An orc warrior (Lair:1)
  An adder (D:3)
  2 orcs (D:9)
  A hobgoblin (D:3)
  2 bats (D:3)
7 creatures vanquished.

Grand Total: 195 creatures vanquished

Notes
Turn   | Place    | Note
-------+----------+-------------------------------------------
     0 | D:1      | JeffiDaFish the Hill Orc Fighter began the quest for the Orb.
     0 | D:1      | Reached XP level 1. HP: 19/19 MP: 1/1
    44 | D:1      | Reached XP level 2. HP: 18/27 MP: 2/2
   400 | D:1      | Reached skill level 3 in Axes
   405 | D:1      | Reached XP level 3. HP: 31/33 MP: 3/3
   810 | D:2      | Noticed Terence
   812 | D:2      | Found a basalt altar of Yredelemnul.
   824 | D:2      | Killed Terence
   824 | D:2      | Reached XP level 4. HP: 39/40 MP: 4/4
   857 | D:2      | Found a bloodstained altar of Trog.
   869 | D:2      | Reached skill level 4 in Axes
   911 | D:2      | Noticed Sigmund
   937 | D:2      | Killed Sigmund
   937 | D:2      | Reached skill level 5 in Axes
   937 | D:2      | Reached skill level 1 in Dodging
   937 | D:2      | Reached XP level 5. HP: 36/47 MP: 5/5
   937 | D:2      | Reached XP level 6. HP: 40/53 MP: 6/6
  1014 | D:2      | Found a glowing golden altar of the Shining One.
  1035 | D:2      | Found a radiant altar of Vehumet.
  1301 | D:2      | Found a faded altar of an unknown god.
  1493 | D:3      | Noticed an orc warrior
  1496 | D:3      | Became a worshipper of Beogh the Brigand
  1801 | D:3      | Found a glowing drain.
  1807 | Sewer    | Entered a sewer
  2796 | D:4      | Reached skill level 6 in Axes
  2812 | D:4      | Reached skill level 5 in Fighting
  2812 | D:4      | Reached XP level 7. HP: 9/61 MP: 7/7
  3124 | D:4      | Reached * piety under Beogh
  3152 | D:4      | Found a staircase to the Ecumenical Temple.
  3302 | D:4      | Reached skill level 7 in Axes
  3312 | D:4      | Reached skill level 5 in Armour
  3501 | D:4      | Found a faded altar of an unknown god.
  3501 | D:4      | Found a blossoming altar of Fedhas.
  3506 | D:4      | Found a faded altar of an unknown god.
  3508 | D:4      | Found a faded altar of an unknown god.
  3509 | D:4      | Found a faded altar of an unknown god.
  3677 | D:5      | Entered Level 5 of the Dungeon
  3765 | D:5      | Reached skill level 5 in Shields
  4180 | D:5      | Reached XP level 8. HP: 63/68 MP: 8/8
  4543 | D:5      | Reached skill level 8 in Axes
  5067 | D:6      | Found a hide-covered altar of Uskayaw.
  5439 | D:6      | Reached skill level 9 in Axes
  5815 | D:7      | Reached ** piety under Beogh
  5993 | D:7      | Reached XP level 9. HP: 75/75 MP: 9/9
  6133 | D:7      | Found a shimmering altar of Xom.
  6252 | D:7      | Noticed Joseph
  6288 | D:7      | Killed Joseph
  6288 | D:7      | Reached skill level 10 in Axes
  7321 | D:8      | Reached skill level 11 in Axes
  7616 | D:9      | Found a staircase to the Lair.
  7720 | D:9      | Noticed a troll
  7732 | D:9      | Killed a troll
  7732 | D:9      | Reached *** piety under Beogh
  7741 | D:9      | Reached XP level 10. HP: 41/86 MP: 10/10
  7978 | D:9      | Found a shadowy altar of Dithmenos.
  8038 | D:9      | Reached skill level 12 in Axes
  8041 | D:9      | Found a shimmering altar of Xom.
  8049 | D:9      | Found an iron altar of Okawaru.
  8232 | D:9      | Found a shimmering altar of Xom.
  8233 | D:9      | Found a shimmering altar of Xom.
  8233 | D:9      | Found a shimmering altar of Xom.
  8234 | D:9      | Found a shimmering altar of Xom.
  8235 | D:9      | Found a shimmering altar of Xom.
  8371 | Lair:1   | Entered Level 1 of the Lair of Beasts
  8408 | Lair:1   | Reached skill level 13 in Axes
  8608 | Lair:1   | Found a shimmering altar of Xom.
  8795 | Lair:1   | Noticed a seven-headed hydra
  8797 | Lair:1   | Noticed a spiny frog
  8816 | Lair:1   | Killed a spiny frog
  8836 | Lair:1   | HP: 1/90 [ten-headed hydra (8)]
  8836 | Lair:1   | Mangled by a ten-headed hydra

Vault maps used:
D:1:      minmay_arrival_four_houses, hangedman_feature_mirror
D:2:      minmay_door_path, tso_metal_star, yredelemnul_altar_generic,
          vehumet_crystals, ecumenical_altar_2, serial_park_tiny_1,
          trog_hazing_becter, uniq_sigmund, uniq_terence
D:3:      portal_sewer_entry_e
D:4:      nicolae_overflow_hidden_temple, chequers_temple_overflow_minitemple,
          first_bread
D:6:      lemuel_round_altar
D:7:      basic_altar, uniq_joseph
D:9:      xom_shifter_show, marbit_many_paths, lemuel_round_altar, lair_0_dummy
Lair:1:   basic_altar
Sewer:    sewer_fruit_machine

Skill      XL: |  1  2  3  4  5  6  7  8  9 10 |
---------------+-------------------------------+-----
Axes           | 3 5 6 7 9 11 13 | 13.6
Fighting       | 4 5 6 7 8 |  8.7
Armour         | 4 5 6 7 8 |  8.0
Dodging        | 1 |  1.7
Shields        | 4 5 6 7 8 |  8.4
Stealth        | |  0.1

Action                   |  1- 3 |  4- 6 |  7- 9 | 10-12 || total
-------------------------+-------+-------+-------+-------++-------
Melee: War axe           |    86 |   202 |   412 |    80 ||   780
Invok: Convert to Beogh  |       |     1 |       |       ||     1
Evoke: Wand              |       |       |       |     3 ||     3
  Use: Potion            |     1 |     6 |     7 |     1 ||    15
       Scroll            |       |     5 |     9 |     4 ||    18
  Eat: Chunk             |       |     5 |     7 |     3 ||    15
       Meat ration       |       |     1 |       |       ||     1
       Bread ration      |       |       |     2 |       ||     2
Armor: Scale mail        |    33 |       |       |       ||    33
       Plate armour      |    17 |   145 |   220 |    54 ||   436
Dodge: Dodged            |    31 |    41 |   111 |    56 ||   239
Block: Shield            |    38 |   120 |   196 |    57 ||   411
